 Dungeon Crawl Stone Soup version 0.23-a0-629-gae4348f6cf (webtiles) character file.

416 HereIgoKillingAgain the Cleaver (level 6, -2/51 HPs)
             Began as a Hill Orc Fighter on Dec 26, 2018.
             Was a Follower of Beogh.
             Slain by an iguana (11 damage)
             ... on level 4 of the Dungeon.
             The game lasted 00:05:30 (3258 turns).

HereIgoKillingAgain the Cleaver (Hill Orc Fighter)  Turns: 3258, Time: 00:05:31

Health: -2/51      AC:  4    Str: 17    XL:     6   Next: 92%
Magic:  6/6        EV:  8    Int: 10    God:    Beogh [*.....]
Gold:   69         SH:  8    Dex:  8    Spells: 5/5 levels left

rFire    + . .     SeeInvis .   a - +0 war axe
rCold    . . .     Gourm    .   c - +0 shield
rNeg     . . .     Faith    .   r - +1 leather armour
rPois    +         Spirit   .   (no helmet)
rElec    +         Reflect  .   (no cloak)
rCorr    .         Harm     .   (no gloves)
MR       .....                  (no boots)
Stlth    +.........             (no amulet)
HPRegen  0.17/turn              q - ring of poison resistance
MPRegen  0.10/turn              (no ring)

@: no status effects
A: clumsy 1, fire resistance 1, electricity resistance, weak 1
a: Renounce Religion


You were on level 4 of the Dungeon.
You worshipped Beogh.
Beogh was aware of your devotion.
You were not hungry.

You visited 1 branch of the dungeon, and saw 4 of its levels.

You collected 69 gold pieces.

Inventory:

Hand Weapons
 a - a +0 war axe (weapon)
 b - a +0 quarterstaff of protection
Armour
 c - a +0 shield (worn)
 r - a +1 leather armour (worn)
Jewellery
 q - a ring of poison resistance (left hand)
Scrolls
 g - a scroll of enchant armour
 j - a scroll of blinking
 k - a scroll of teleportation
 s - 5 scrolls of magic mapping
Potions
 d - a potion of might
 e - a potion of mutation
 i - a potion of agility
 m - 4 potions of resistance
Comestibles
 f - 3 rations
 h - 2 chunks of flesh


   Skills:
 - Level 3.6 Fighting
 + Level 9.4 Axes
 - Level 3.2 Armour
 - Level 3.2 Shields


You had 5 spell levels left.
You didn't know any spells.
Your spell library contained the following spells:

 Spells                   Type           Power        Failure   Level  Hunger
 Animate Skeleton         Necr           N/A          91%         1    ##.....
 Apportation              Tloc           #.....       91%         1    ##.....
 Confusing Touch          Hex            #.....       91%         1    ##.....
 Summon Small Mammal      Summ           #...         91%         1    ##.....


Dungeon Overview and Level Annotations

Branches:
Dungeon (4/15)
 Temple: D:4-7

Altars:
Dithmenos
Fedhas
Hepliaklqana
Kikubaaqudgha
Nemelex Xobeh
Okawaru
Xom

Annotations:
D:3 2 transporters


Innate Abilities, Weirdness & Mutations

You are clumsy. (Dex -2)
Your flesh is heat resistant. (rF+)
You are resistant to electric shocks. (rElec)
You are weak. (Str -2)


Message History

You block the iguana's attack.
You barely miss the iguana. The iguana bites you!
You are too injured to fight recklessly!
You are too injured to fight recklessly!
You closely miss the iguana. The iguana barely misses you.
You hit the iguana.
The iguana is lightly wounded.
The iguana closely misses you.
You hit the iguana.
The iguana is moderately wounded.
The iguana bites you.
You hit the iguana.
The iguana is heavily wounded.
The iguana bites you but does no damage.
The iguana bites you!
* * * LOW HITPOINT WARNING * * *
You closely miss the iguana.
The iguana is heavily wounded.
The iguana bites you!
You die...

#......###.. ###.....#
#.########.. #.).....#
#.รท.##.....) .......#
###....##### # #.....#
#......... #.#..##.###
##.#.......
#.........###..#.......
#.............##..#.#..
#....l@...###.....#.###
>.#............#...#....
........................
...........##.####......
.##.#.........###...####
#..#....##............#
#.#?....##.............
# ..#....#......##...##
#...#......####...


You could see an iguana.

Vanquished Creatures
  A centaur (D:2)
  A phantom (D:3)
  A vampire bat (D:3)
  A hound (D:4)
  A bullfrog skeleton (D:4)
  An orc wizard (D:4)
  4 adders
  2 oozes
  3 worms
  A leopard gecko (D:4)
  9 orcs
  A ball python (D:1)
  A bat skeleton (D:3)
  3 bat zombies (D:3)
  5 giant cockroaches
  2 goblins
  5 hobgoblins
  11 jackals
  2 quokkas
  5 bats
  3 kobolds
  6 rats
69 creatures vanquished.

Vanquished Creatures (others)
  An orc (D:3)
  A hobgoblin (D:3)
  A rat (D:3)
3 creatures vanquished.

Grand Total: 72 creatures vanquished

Notes
Turn   | Place    | Note
-------+----------+-------------------------------------------
     0 | D:1      | HereIgoKillingAgain the Hill Orc Fighter began the quest
                  | for the Orb.
     0 | D:1      | Reached XP level 1. HP: 19/19 MP: 1/1
    48 | D:1      | Reached skill level 3 in Axes
   193 | D:1      | Reached XP level 2. HP: 24/26 MP: 2/2
   281 | D:1      | Found a sparkling altar of Nemelex Xobeh.
   372 | D:1      | Reached skill level 4 in Axes
   685 | D:2      | Reached XP level 3. HP: 16/31 MP: 3/3
   919 | D:2      | Reached skill level 5 in Axes
  1069 | D:2      | Noticed a centaur
  1077 | D:2      | Killed a centaur
  1077 | D:2      | Reached skill level 6 in Axes
  1077 | D:2      | Reached XP level 4. HP: 8/39 MP: 4/4
  1077 | D:2      | Reached XP level 5. HP: 10/45 MP: 5/5
  1522 | D:2      | Reached skill level 7 in Axes
  1662 | D:2      | Found a shimmering altar of Xom.
  2021 | D:3      | Noticed a phantom
  2039 | D:3      | Found a hazy altar of Hepliaklqana.
  2039 | D:3      | Noticed a water moccasin
  2043 | D:3      | Found a shadowy altar of Dithmenos.
  2054 | D:3      | Found a transporter.
  2055 | D:3      | Became a worshipper of Beogh the Brigand
  2070 | D:3      | Killed a phantom
  2070 | D:3      | Reached skill level 8 in Axes
  2214 | D:3      | Reached XP level 6. HP: 50/51 MP: 6/6
  2269 | D:3      | Found a blossoming altar of Fedhas.
  2359 | D:3      | Reached * piety under Beogh
  2443 | D:3      | Found a transporter.
  2477 | D:3      | Found an iron altar of Okawaru.
  2773 | D:3      | Found an ancient bone altar of Kikubaaqudgha.
  2843 | D:4      | Reached skill level 9 in Axes
  3045 | D:4      | Gained mutation: You are weak. (Str -2) [potion of
                  | mutation]
  3045 | D:4      | Gained mutation: You are clumsy. (Dex -2) [potion of
                  | mutation]
  3045 | D:4      | Gained mutation: Your flesh is heat resistant. (rF+)
                  | [potion of mutation]
  3045 | D:4      | Gained mutation: You are resistant to electric shocks.
                  | (rElec) [potion of mutation]
  3258 | D:4      | Slain by an iguana

Vault maps used:
D:1:      lightli_arrival_isolated_outpost, nemelex_xobeh_ov_fountains_minmay
D:2:      lemuel_crystal_altar
D:3:      nicolae_overflow_crystal_walls, fedhas_altar_1,
          kennysheep_vampire_church, gammafunk_temple_overflow_arena
D:4:      kennysheep_mini, minmay_misc_feat_alley

Skill      XL: |  1  2  3  4  5  6 |
---------------+-------------------+-----
Axes           | 3 4 6 8 9 |  9.4
Fighting       | |  3.6
Armour         | |  3.2
Shields        | |  3.2

Action                   |  1- 3 |  4- 6 || total
-------------------------+-------+-------++-------
Melee: War axe           |    68 |   170 ||   238
Invok: Convert to Beogh  |       |     1 ||     1
  Use: Potion            |     1 |     6 ||     7
       Scroll            |       |     9 ||     9
  Eat: Chunk             |       |     4 ||     4
       Ration            |       |     1 ||     1
Armor: Scale mail        |    36 |     9 ||    45
       Leather armour    |       |    58 ||    58
Dodge: Dodged            |    16 |    54 ||    70
Block: Shield            |    39 |    90 ||   129

Table legend:
 A = Non-vault XP
 B = Vault XP
 C = Vault XP percentage of total XP
 D = Non-vault monster count
 E = Vault monster count
 F = Vault count percentage of total count
                 A         B        C        D         E       F
            +---------+---------+-------+---------+---------+-------
      Total |     532 |      63 |  10.6 |      64 |       5 |   7.2
            +---------+---------+-------+---------+---------+-------
        D:1 |      23 |       0 |   0.0 |      10 |       0 |   0.0
        D:2 |     177 |       0 |   0.0 |      19 |       0 |   0.0
        D:3 |     176 |      63 |  26.4 |      23 |       5 |  17.9
        D:4 |     156 |       0 |   0.0 |      12 |       0 |   0.0
            +---------+---------+-------+---------+---------+-------
